 Dungeon Crawl Stone Soup version 0.31.0-12-g77e489cdc1 (webtiles) character file.

Game seed: 1626537383157649686

2 NotreDorf the Apothecary (level 1, 0/13 HPs)
             Began as a Merfolk Alchemist on Feb 17, 2024.
             Slain by a goblin
             ... wielding a +0 club
              (4 damage)
             ... on level 1 of the Dungeon.
             The game lasted 00:01:21 (84 turns).

NotreDorf the Apothecary (Merfolk Alchemist)          Turns: 84, Time: 00:01:21

Health: 0/13       AC:  2    Str:  8    XL:     1   Next: 30%
Magic:  0/3        EV: 12    Int: 14    God:
Gold:   0          SH:  0    Dex: 14    Spells: 3/4 levels left

rFire   . . .        (no weapon)
rCold   . . .        (no shield)
rNeg    . . .        a - +0 robe
rPois   .            (no helmet)
rElec   .            (no cloak)
rCorr   .            (no gloves)
SInv    .            (no boots)
Will    .....        (no amulet)
Stlth   ++           (no ring)
HPRegen 0.22/turn    (no ring)
MPRegen 0.08/turn

%: no passive effects
@: no status effects
A: (nimble swimmer 2), mertail
a: no special abilities


You were on level 1 of the Dungeon.
You visited 1 branch of the dungeon, and saw 1 of its levels.

Inventory:

Armour
 a - a +0 robe (worn)
Potions
 b - a potion of magic


   Skills:
 + Level 0.0 Fighting
 + Level 2.8 Dodging
 + Level 2.2 Stealth
 + Level 2.0 Spellcasting
 + Level 0.7 Conjurations
 + Level 4.0 Alchemy


You had 3 spell levels left.
You knew the following spells:

 Your Spells              Type           Power      Damage    Failure   Level
a - Sting                 Conj/Alch      32%        1d5       9%          1

Your spell library contained the following spells:

 Spells                   Type           Power      Damage    Failure   Level
 Mercury Vapours          Alch/Air       14%        N/A       16%         2
 Mephitic Cloud           Conj/Alch/Air  5%         N/A       36%         3
 Olgreb's Toxic Radiance  Alch           12%        N/A       41%         4
 Sticky Flame             Fire/Alch      7%         2d4       71%         4


Dungeon Overview and Level Annotations

Branches:
Dungeon (1/15)

Altars:


Innate Abilities, Weirdness & Mutations

((You are very nimble when in or above water. (Stealth+, EV+, Speed+++)))
Your lower body shifts to a powerful aquatic tail in water.


Message History

The bat is moderately wounded.
The bat closely misses you.
Casting: Sting (safe; 9% risk of failure)
Confirm with . or Enter, or press ? or * to list all spells.
Aiming: Sting (safe; 9% risk of failure)
Press: ? - help, Shift-Dir - straight line, f - goblin, p - bat
Aim: a goblin, wielding a +0 club (60% to hit)
The sting misses the goblin.
The bat hits you but does no damage.
Casting: Sting (safe; 9% risk of failure)
Confirm with . or Enter, or press ? or * to list all spells.
You don't have enough magic to cast this spell.
You closely miss the bat.
The bat is moderately wounded.
The bat closely misses you.
A rat comes into view.
The bat hits you but does no damage. The endoplasm freezes you.
You are frozen.
You hit the bat.
You kill the bat!
The endoplasm barely misses you.
You hit the endoplasm but do no damage. The endoplasm hits you.
You barely miss the goblin. The goblin hits you with a +0 club.
The endoplasm freezes you.
You are frozen.
You hit the goblin.
The goblin is moderately wounded.
The goblin hits you but does no damage.
The endoplasm hits you but does no damage.
A kobold comes into view. It is wielding a +0 whip.
You hit the goblin but do no damage.
The goblin is moderately wounded.
The goblin closely misses you. The endoplasm misses you.
You closely miss the goblin.
The goblin is moderately wounded.
The goblin hits you with a +0 club. The endoplasm closely misses you.
You hit the goblin but do no damage.
The goblin is moderately wounded.
The goblin hits you with a +0 club.
You die...

#..#....# #..#.8..#
#..#....# # #[.##...#
.# # #...##..# .# ..
#....##.# ######.##K#
#.....### #.........#
#.....†### #...J...#
##.......# #..@g...#
#######.#####.......#
#................#†...#
#.#############.## ####
#.# #.. ####


You could see an endoplasm, a goblin and a kobold.

Vanquished Creatures
  2 bats (D:1)
  A frilled lizard (D:1)
3 creatures vanquished.

Notes
Turn   | Place    | Note
-------+----------+-------------------------------------------
     0 | D:1      | NotreDorf the Merfolk Alchemist began the quest for the
                  | Orb.
     0 | D:1      | Reached XP level 1. HP: 13/13 MP: 3/3
    84 | D:1      | Slain by a goblin

Illustrated notes

Levels and vault maps discovered:
D:1:      giann_horns, layout_basic, ebering_ecumenical_altar_ruins

Action                     || total
---------------------------++-------
  Melee: Unarmed           ||     9
   Cast: Sting             ||     5
 Armour: Robe              ||     8
  Dodge: Dodged            ||     8
